 Dungeon Crawl Stone Soup version 0.19.5 (webtiles) character file.

3872 tmcrawler the Thaumaturge (level 10, -4/55 HPs)
             Began as a Gargoyle Earth Elementalist on Mar 28, 2017.
             Was a Believer of Vehumet.
             Slain by a wolf (7 damage)
             ... led by Grum
             ... on level 8 of the Dungeon.
             The game lasted 00:52:13 (8271 turns).

tmcrawler the Thaumaturge (GrEE)                    Turns: 8271, Time: 00:52:14

Health: -4/55      AC: 10    Str: 11 (12) XL:     10   Next: 19%
Magic:  2/22       EV: 12    Int: 18 (19) God:    Vehumet [**....]
Gold:   365        SH:  4    Dex:  9 (10) Spells: 4 memorised, 15 levels left

rFire  . . .     SeeInvis .     I - staff of energy
rCold  . . .     Gourm    .     c - +0 robe
rNeg   + . .     Faith    .     K - +0 buckler
rPois  ∞         Spirit   .     v - +0 helmet
rElec  +         Reflect  .     (no cloak)
rCorr  .         Harm     .     (no gloves)
MR     .....                    (no boots)
Stlth  ++........               (no amulet)
                                (no ring)
                                (no ring)

@: very slightly contaminated, invisible
A: negative energy resistance 1, electricity resistance, unbreathing,
petrification resistance, rot immunity, AC +7
a: Renounce Religion


You were on level 8 of the Dungeon.
You worshipped Vehumet.
Vehumet was pleased with you.
You were very hungry.

You visited 1 branch of the dungeon, and saw 8 of its levels.

You collected 365 gold pieces.

Inventory:

Hand Weapons
 D - a +2 flail of holy wrath
Missiles
 b - 235 stones (quivered)
Armour
 c - a +0 robe (worn)
 v - a +0 helmet (worn)
 K - a +0 buckler (worn)
Magical Staves
 I - an uncursed staff of energy (weapon)
Jewellery
 C - a cursed ring of teleportation {unknown}
 E - a +3 ring of protection {unknown}
 F - a cursed -2 ring of dexterity {unknown}
Wands
 y - a wand of lightning (7/15)
 J - a wand of acid (10/15)
Scrolls
 a - 5 scrolls of amnesia
 j - a scroll of summoning {unknown}
 k - a scroll of immolation
 l - a scroll of enchant armour {unknown}
 o - 3 scrolls of teleportation {unknown}
 p - a scroll of random uselessness {unknown}
 r - 3 scrolls of magic mapping
 x - 3 scrolls of remove curse
 G - 2 scrolls of recharging {unknown}
Potions
 g - 3 potions of lignification
 h - a potion of brilliance {unknown}
 i - a potion of berserk rage {unknown}
 s - 2 potions of agility {unknown}
 t - a potion of cure mutation {unknown}
 u - a potion of flight {unknown}
 w - a potion of heal wounds {unknown}
 z - a potion of might {unknown}
 A - a potion of degeneration
 B - 2 potions of cancellation
Books
 e - a book of Geomancy

   Spells                             Type                      Level
   a - Sandblast                      Earth                        1
   b - Passwall                       Transmutation/Earth          2
   c - Stone Arrow                    Conjuration/Earth            3
   d - Petrify                        Transmutation/Earth          4
   e - Lee's Rapid Deconstruction     Earth                        5
Comestibles
 d - 4 bread rations
 f - a slice of pizza
 m - 3 beef jerkies
 q - 6 meat rations


   Skills:
 + Level 2.8 Fighting
 + Level 3.1 Maces & Flails
 + Level 3.4 Armour
 + Level 3.1 Dodging
 - Level 2.1 Stealth
 + Level 2.5 Shields
 * Level 8.2 Spellcasting
 + Level 6.1 Conjurations
   Level 0.7 Transmutations
 + Level 8.1 Earth Magic
 + Level 2.8 Evocations


You had 15 spell levels left.
You knew the following spells:

 Your Spells              Type           Power        Failure   Level  Hunger
a - Sandblast             Erth           #####.       1%          1    None
b - Stone Arrow           Conj/Erth      ####..       1%          3    None
c - Lee's Rapid Deconstr  Erth           #####.....   12%         5    None
d - Flame Tongue          Conj/Fire      ###..        3%          1    None


Dungeon Overview and Level Annotations

Branches:
Dungeon (8/15)             Temple (0/1) D:5
   Lair: D:8-11

Altars:
Dithmenos
Fedhas
Gozag
Vehumet
Zin

Shops:
D:7 *

Annotations:
D:5 patcoet's ghost, novice DsCK
D:6 exclusion: oklob plant
D:8 Grum


Innate Abilities, Weirdness & Mutations

You are resistant to torment.
Your stone body is resilient. (AC +7)
You are immune to poison.
You resist negative energy. (rN+)
You are resistant to electric shocks. (rElec)
You can survive without breathing.
You are immune to petrification.
You are immune to rotting.


Message History

The wolf barely misses you. The wolf bites you but does no damage.
The wolf closely misses you.
Casting: Sandblast
Confirm with . or Enter, or press ? or * to list all spells.
Aiming: Sandblast
Press: ? - help, Shift-Dir - straight line, f/p - wolf
Aim: a wolf (lightly wounded)
The blast of sand misses the wolf.
You block the wolf's attack. The wolf barely misses you.
The wolf bites you but does no damage. The wolf bites you.
* * * LOW HITPOINT WARNING * * *
You barely miss the wolf.
The wolf is lightly wounded.
The wolf bites you but does no damage. The wolf barely misses you.
The wolf bites you.
* * * LOW HITPOINT WARNING * * *
You hit the wolf but do no damage.
The wolf is lightly wounded.
You block the wolf's attack. The wolf bites you!
You die...

.........................
.###..(################# #
+......# ......... #.
#......#####.#.......
#..###......).....#......<
.#.........#########.......
.............).... .......>
...###.##h####### #...≈...
# #.##@# #....... #. #.##h#
#..≈≈≈≈≈ #.########.##c#
#..≈≈≈≈≈ ####...hhg..h..#h#
#..≈≈≈≈≈ .?..†...c####c.#o#
##....c.## #.g#.#
....###((.# #..#.# ##.
#.#.# #....#
#<......#..##.####


You could see 3 wolves, a centaur and an orc wizard.

Vanquished Creatures
  Grinder (D:4)
  3 hippogriffs (D:7)
  Sigmund (D:4)
  Eustachio (D:6)
  Edmund (D:5)
  Duvessa (D:4)
  Menkaure (D:7)
  A black bear (D:6)
  A phantom (D:6)
  2 centaurs
  3 ogres
  A wolf (D:8)
  2 bullfrogs
  Dowan (D:4)
  A scorpion (D:5)
  3 killer bees (D:7)
  7 wights (D:7)
  A howler monkey (D:4)
  A crimson imp (D:5)
  A centaur zombie (D:7)
  3 orc priests
  A hound (D:4)
  4 orc wizards
  2 bullfrog skeletons
  3 jellies
  2 centaur skeletons
  An iguana (D:5)
  3 worker ants
  A howler monkey zombie (D:5)
  A worker ant zombie (D:7)
  7 gnolls
  9 adders
  A shadow imp (D:7)
  3 oozes
  An adder skeleton (D:8)
  4 worms
  4 dart slugs
  5 leopard geckos
  10 orcs
  A ball python (D:5)
  6 giant cockroaches
  13 goblins
  9 hobgoblins
  4 jackals (D:3)
  8 kobolds
  4 quokkas
  11 bats
  2 frilled lizards
  A leopard gecko zombie (D:5)
  10 rats
168 creatures vanquished.

Notes
Turn   | Place    | Note
-------+----------+-------------------------------------------
     0 | D:1      | tmcrawler the Gargoyle Earth Elementalist began the quest for the Orb.
     0 | D:1      | Reached XP level 1. HP: 10/10 MP: 3/3
    49 | D:1      | Reached XP level 2. HP: 14/15 MP: 0/5
   330 | D:1      | Reached XP level 3. HP: 19/19 MP: 1/7
   335 | D:1      | Learned a level 3 spell: Stone Arrow
   824 | D:1      | Learned a level 3 spell: Stone Arrow
   951 | D:1      | Reached skill level 1 in Conjurations
  1160 | D:2      | Reached XP level 4. HP: 19/24 MP: 1/8
  1512 | D:2      | Found a faded altar of an unknown god.
  2027 | D:3      | Reached XP level 5. HP: 22/28 MP: 0/10
  2333 | D:3      | Found a glowing silver altar of Zin.
  2357 | D:3      | Learned a level 5 spell: Lee's Rapid Deconstruction
  2960 | D:4      | Reached skill level 5 in Earth Magic
  2960 | D:4      | Reached XP level 6. HP: 31/32 MP: 3/12
  3464 | D:4      | Noticed Grinder
  3489 | D:4      | Paralysed by Grinder for 5 turns
  3504 | D:4      | Paralysed by Grinder for 5 turns
  3706 | D:4      | Paralysed by Grinder for 6 turns
  3716 | D:4      | Paralysed by Grinder for 7 turns
  3724 | D:4      | Killed Grinder
  3724 | D:4      | Reached skill level 5 in Spellcasting
  3724 | D:4      | Reached XP level 7. HP: 3/36 MP: 1/15
  4016 | D:4      | Noticed Duvessa
  4020 | D:4      | Noticed Dowan
  4022 | D:4      | Killed Duvessa
  4024 | D:4      | Killed Dowan
  4228 | D:4      | Noticed Sigmund
  4234 | D:4      | Killed Sigmund
  4234 | D:4      | Reached XP level 8. HP: 37/41 MP: 7/17
  4481 | D:4      | Found a radiant altar of Vehumet.
  4485 | D:4      | Became a worshipper of Vehumet
  4543 | D:5      | Entered Level 5 of the Dungeon
  4623 | D:5      | Noticed Edmund
  4641 | D:5      | Killed Edmund
  4695 | D:5      | Reached skill level 5 in Conjurations
  4998 | D:5      | Noticed patcoet's ghost (novice DsCK)
  5037 | D:5      | HP: 1/41 [patcoet's ghost (2)]
  5654 | D:5      | Reached * piety under Vehumet
  5654 | D:5      | Offered knowledge of Flame Tongue by Vehumet.
  5657 | D:5      | Learned a level 1 spell: Flame Tongue
  5663 | D:5      | Reached skill level 1 in Armour
  5719 | D:5      | Found a staircase to the Ecumenical Temple.
  5729 | D:5      | Reached skill level 1 in Maces & Flails
  5789 | D:5      | Found an opulent altar of Gozag.
  6474 | D:6      | Found a shadowy altar of Dithmenos.
  6474 | D:6      | Noticed an oklob plant
  6747 | D:6      | Noticed Eustachio
  6751 | D:6      | Killed Eustachio
  6751 | D:6      | Reached skill level 1 in Fighting
  6751 | D:6      | Reached skill level 1 in Evocations
  6751 | D:6      | Reached XP level 9. HP: 47/47 MP: 5/20
  7259 | D:7      | Noticed Menkaure
  7264 | D:7      | Killed Menkaure
  7406 | D:7      | Reached skill level 1 in Shields
  7663 | D:7      | Offered knowledge of Throw Flame by Vehumet.
  7664 | D:7      | Reached ** piety under Vehumet
  7717 | D:7      | Found a blossoming altar of Fedhas.
  7758 | D:7      | Reached XP level 10. HP: 54/54 MP: 9/22
  7791 | D:7      | Found a shadowy altar of Dithmenos.
  7949 | D:7      | Found Joopexui's Island Escapes.
  8227 | D:8      | Noticed Grum
  8271 | D:8      | Slain by a wolf

Skill      XL: |  1  2  3  4  5  6  7  8  9 10 |
---------------+-------------------------------+-----
Earth Magic    | 4 5 6 7 8 |  8.1
Conjurations   | 1 2 3 4 5 6 |  6.1
Spellcasting   | 3 4 5 6 7 8 |  8.2
Armour         | 1 3 |  3.4
Maces & Flails | 1 2 3 |  3.1
Dodging        | 2 3 |  3.1
Fighting       | 1 2 |  2.8
Evocations     | 1 2 |  2.8
Shields        | 2 |  2.5
Stealth        | |  2.1
Transmutations | |  0.7

Action                   |  1- 3 |  4- 6 |  7- 9 | 10-12 || total
-------------------------+-------+-------+-------+-------++-------
Melee: Club              |    42 |    46 |       |       ||    88
       Flail             |       |    45 |    76 |       ||   121
       Staff             |       |       |       |    20 ||    20
 Cast: Sandblast         |    48 |    79 |    62 |     6 ||   195
       Stone Arrow       |     1 |    29 |    99 |    14 ||   143
       Lee's Rapid Decon |       |     1 |     5 |     6 ||    12
       Flame Tongue      |       |       |     4 |       ||     4
  Use: Scroll            |     1 |     4 |     4 |     1 ||    10
       Potion            |       |       |     2 |     4 ||     6
 Stab: Invisible         |       |       |       |     1 ||     1
  Eat: Chunk             |     1 |     7 |     8 |     2 ||    18
       Bread ration      |       |     1 |     2 |       ||     3
Armor: Robe              |    34 |    46 |    49 |    15 ||   144
Dodge: Dodged            |    38 |    90 |    69 |    49 ||   246
Block: Buckler           |       |       |     2 |    19 ||    21
